 Dungeon Crawl Stone Soup version 0.30.0-29-ga12c61a403 (webtiles) character file.

Game seed: 4794519848877068412

968 seaoflcl the Chopper (level 7, 0/62 HPs)
             Began as a Minotaur Fighter on June 12, 2023.
             Was a Follower of Wu Jian.
             Killed from afar by an orc wizard (10 damage)
             ... with a puff of flame
             ... on level 6 of the Dungeon.
             The game lasted 00:04:23 (4533 turns).

seaoflcl the Chopper (Minotaur Fighter)             Turns: 4533, Time: 00:04:24

Health: 0/62       AC:  8    Str: 22    XL:     7   Next: 93%
Magic:  6/6        EV: 14    Int:  5    God:    Wu Jian [*.....]
Gold:   315        SH:  5    Dex: 10    Spells: 6/6 levels left

rFire   . . .        a - +0 war axe
rCold   . . .        c - +0 buckler
rNeg    . . .        b - +0 scale mail
rPois   .            (helmet restricted)
rElec   .            (no cloak)
rCorr   .            j - +0 pair of gloves
SInv    .            (no boots)
Will    .....        (no amulet) Stlth
                     n - +5 ring of evasion
HPRegen 0.30/turn    (no ring)
MPRegen 0.10/turn

%: no passive effects
@: no status effects
A: horns 2, retaliatory headbutt
a: Renounce Religion


You were on level 6 of the Dungeon.
You worshipped Wu Jian.
Wu Jian was aware of your devotion.
You visited 2 branches of the dungeon, and saw 7 of its levels.

You collected 315 gold pieces.

Inventory:

Hand Weapons
 a - a +0 war axe (weapon)
Missiles
 u - 6 poisoned darts (quivered)
Armour
 b - a +0 scale mail (worn)
 c - a +0 buckler (worn)
 j - a +0 pair of gloves (worn)
Jewellery
 n - a +5 ring of evasion (left hand)
Wands
 k - a wand of iceblast (3)
 l - a wand of mindburst (16)
Scrolls
 e - a scroll of amnesia
 f - 2 scrolls of fog
 h - 2 scrolls of enchant weapon {unknown}
 o - a scroll of vulnerability {unknown}
 p - 5 scrolls of teleportation
 x - a scroll of blinking {unknown}
Potions
 d - 3 potions of might
 g - 3 potions of mutation
 i - a potion of attraction {unknown}
 m - 2 potions of flight {unknown}
 q - 4 potions of curing {unknown}
 r - a potion of resistance {unknown}
 s - 2 potions of haste {unknown}
 t - a potion of cancellation {unknown}
 v - a potion of lignification {unknown}
 w - a potion of magic {unknown}
 z - a potion of degeneration {unknown}


   Skills:
 + Level 5.7 Fighting
 * Level 6.8 Axes
 + Level 2.1 Throwing
 + Level 5.7 Armour
 + Level 5.8 Shields
 + Level 1.9 Evocations


You had 6 spell levels left.
You didn't know any spells.
Your spell library contained the following spells:

 Spells                   Type           Power      Damage    Failure   Level
 Kiss of Death            Conj/Necr      0%         2d5       83%         1
 Shock                    Conj/Air       0%         1d3       83%         1
 Confusing Touch          Hex            0%         N/A       99%         3
 Swiftness                Air            0%         N/A       99%         3
 Airstrike                Air            0%         2d(0-16)  100%        4
 Dispel Undead            Necr           0%         3d6       100%        4


Dungeon Overview and Level Annotations

Branches:
Dungeon (6/15)             Temple (1/1) D:4

Altars:
Ashenzari
Cheibriados
Fedhas
Hepliaklqana
Kikubaaqudgha
Makhleb
Nemelex Xobeh
Okawaru
Qazlal
Ru
Wu Jian
Yredelemnul
Zin

Shops:
D:1 (

Annotations:
D:4 1 runed translucent door, Crazy Yiuf


Innate Abilities, Weirdness & Mutations

You have a pair of horns on your head.
You reflexively headbutt those who attack you in melee.


Message History

You miss something. Something hits you.
You hit something but do no damage. Your headbutt misses something.
You hear some strange, mumbled words.
A puff of flame appears from out of thin air!
The puff of flame hits you!
You miss something. Something hits you.
You barely miss something. Something hits you.
You closely miss something. Your headbutt misses something.
You hear some strange, mumbled words.
A magic dart appears from out of thin air!
The magic dart hits you!
* * * LOW HITPOINT WARNING * * *
You hear some strange, mumbled words.
You are confused.
Something hits you.
* * * LOW HITPOINT WARNING * * *
You miss something. Your headbutt misses something.
You hear some strange, mumbled words.
You are more confused.
You're too confused to move!
Something hits you.
* * * LOW HITPOINT WARNING * * *
Something hits you but does no damage. Something hits you but does no damage.
You miss something. Something hits you but does no damage. Something hits you.
* * * LOW HITPOINT WARNING * * *
Something hits you but does no damage.
You closely miss something. Your headbutt misses something.
Something hits you but does no damage.
You bump into the rock wall.
Something hits you but does no damage. Something hits you.
* * * LOW HITPOINT WARNING * * *
You feel less confused. Something barely misses you.
Something hits you but does no damage.
You start resting.
You hear some strange, mumbled words.
A puff of flame appears from out of thin air!
The puff of flame hits you!
You die...

#### ..... ..... #....
##### ##....####...###
#.......##.....# .
....#.....)†.....#
...............#).####
...##..........#@{...##
...##.........###.....##
..............# #......##
.............# ##....##.#
.......†...#####..#.......
..#........##.##..#......#
....<....................
..##.†.................#.
..####................##


There were no monsters in sight!

Vanquished Creatures
  A black bear (D:5)
  2 ogres
  A centaur (D:6)
  A phantom (D:5)
  2 scorpions (D:6)
  A howler monkey (D:6)
  A jelly (D:5)
  An orc priest (D:2)
  A gnoll bouda (D:5)
  2 hounds
  A sleepcap (D:5)
  3 iguanas (D:5)
  Robin (D:4)
  6 adders
  A dart slug (D:2)
  9 orcs
  6 endoplasms
  8 giant cockroaches
  10 goblins
  8 hobgoblins
  3 jackals (D:2)
  2 quokkas
  3 ball pythons
  5 bats
  2 frilled lizards (D:2)
  6 kobolds
  A rat (D:2)
88 creatures vanquished.

Notes
Turn   | Place    | Note
-------+----------+-------------------------------------------
     0 | D:1      | seaoflcl the Minotaur Fighter began the quest for the Orb.
     0 | D:1      | Reached XP level 1. HP: 19/19 MP: 0/0
    40 | D:1      | Found Yphat's Antique Weapon Shop.
   878 | D:2      | Reached skill level 3 in Axes
   878 | D:2      | Reached XP level 2. HP: 27/27 MP: 1/1
  1124 | D:2      | Reached XP level 3. HP: 32/33 MP: 2/2
  1174 | D:2      | Reached XP level 4. HP: 39/40 MP: 3/3
  1905 | D:3      | Reached skill level 4 in Axes
  2469 | D:4      | Found a runed translucent door.
  2470 | D:4      | Noticed Crazy Yiuf
  2607 | D:4      | Found a staircase to the Ecumenical Temple.
  2630 | Temple   | Entered the Ecumenical Temple
  2657 | Temple   | Became a worshipper of the Wu Jian Council
  2734 | D:4      | Found a sacrificial altar of Ru.
  2839 | D:4      | Noticed Robin
  2844 | D:4      | Reached XP level 5. HP: 45/47 MP: 4/4
  2851 | D:4      | Killed Robin
  3075 | D:4      | Noticed an ogre
  3079 | D:4      | Killed an ogre
  3080 | D:4      | Reached skill level 5 in Axes
  3215 | D:4      | Reached XP level 6. HP: 55/55 MP: 5/5
  3632 | D:5      | Entered Level 5 of the Dungeon
  3742 | D:5      | Reached * piety under Wu Jian
  3743 | D:5      | Reached skill level 5 in Shields
  3773 | D:5      | Reached skill level 5 in Armour
  3817 | D:5      | Reached skill level 5 in Fighting
  3851 | D:5      | Reached skill level 1 in Throwing
  3947 | D:5      | Reached skill level 6 in Axes
  3947 | D:5      | Reached skill level 1 in Evocations
  3947 | D:5      | Reached XP level 7. HP: 61/61 MP: 6/6
  4533 | D:6      | Killed from afar by an orc wizard

Illustrated notes

Levels and vault maps discovered:
D:1:      minmay_arrival_floating_metal, layout_loops_ring, serial_shops, shop
D:2:      layout_basic, serial_bayou_lagoon_b
D:3:      layout_basic
D:4:      layout_loops_ring, nicolae_ru_awakened_eye,
          minmay_temple_entry_junction, kennysheep_flooded_box,
          uniq_crazy_yiuf_cottage, uniq_robin
D:5:      layout_loops_cross, kennysheep_generic_room_15
D:6:      layout_cave_pools, minmay_diced_spiral
Temple:   hellmonk_temple_two_chambers

Skill      XL: |  1  2  3  4  5  6  7 |
---------------+----------------------+-----
Axes           | 3 4 5 6 |  6.8
Fighting       | 4 5 |  5.7
Armour         | 4 5 |  5.7
Shields        | 4 5 |  5.8
Throwing       | 1 2 |  2.1
Evocations     | 1 |  1.9

Action                     |  1- 3 |  4- 6 |  7- 9 || total
---------------------------+-------+-------+-------++-------
  Melee: War axe           |    35 |   114 |    57 ||   206
         Headbutt          |     5 |    24 |    10 ||    39
Ability: Lunge             |       |     7 |     3 ||    10
         Whirlwind         |       |       |     1 ||     1
    Use: Scroll            |       |     4 |       ||     4
 Armour: Scale mail        |    28 |    29 |    21 ||    78
  Dodge: Dodged            |    24 |    70 |    36 ||   130
  Block: Buckler           |     7 |    25 |    13 ||    45
